 Dungeon Crawl Stone Soup version 0.25-a0-842-g81a31cfd23 (webtiles) character file.

Game seed: 7171543798809689527, levelgen mode: deterministic

6 Conn the Magician (level 1, 0/11 HPs)
             Began as an Octopode Wizard on Apr 25, 2020.
             Slain by a hobgoblin
             ... wielding a +0 club
              (7 damage)
             ... on level 1 of the Dungeon.
             The game lasted 00:02:06 (747 turns).

Conn the Magician (Octopode Wizard)                  Turns: 747, Time: 00:02:07

Health: 0/11       AC:  1    Str:  6    XL:     1   Next: 90%
Magic:  3/4        EV: 13    Int: 20    God:
Gold:   34         SH:  0    Dex: 10    Spells: 5/6 levels left

rFire    . . .     SeeInvis .   b - +0 short sword
rCold    . . .     Gourm    .   (no shield)
rNeg     . . .     Faith    .   a - +0 hat
rPois    .         Spirit   .   (no amulet)
rElec    .         Reflect  .   (no ring)
rCorr    .         Harm     .   (no ring)
MR       .....                  (no ring)
Stlth    +++.......             (no ring)
HPRegen  0.03/turn              (no ring)
MPRegen  0.09/turn              (no ring)
                                (no ring)
                                (no ring)

@: no status effects
A: almost no armour, stealthy swim, amphibious, 8 rings, constrict 8, camouflage
1, gelatinous body 1
a: no special abilities


You were on level 1 of the Dungeon.
You were not hungry.

You visited 1 branch of the dungeon, and saw 1 of its levels.

You collected 34 gold pieces.

Inventory:

Hand Weapons
 b - a +0 short sword (weapon)
Missiles
 e - 28 poisoned darts (quivered)
Armour
 a - a +0 hat (worn)
Scrolls
 f - a scroll of fear {unknown}
Potions
 d - 2 potions of resistance {unknown}
Comestibles
 c - 2 rations
 g - 2 chunks of flesh


   Skills:
 + Level 2.0 Dodging
 + Level 2.6 Stealth
 + Level 3.3 Spellcasting
 + Level 1.1 Conjurations
   Level 1.0 Summonings
   Level 1.0 Translocations


You had 5 spell levels left.
You knew the following spells:

 Your Spells              Type           Power        Failure   Level  Hunger
a - Magic Dart            Conj           #...         9%          1    None

Your spell library contained the following spells:

 Spells                   Type           Power        Failure   Level  Hunger
 Blink                    Tloc           N/A          14%         2    ##.....
 Call Imp                 Summ           #.......     14%         2    ##.....
 Slow                     Hex            #.......     21%         2    ##.....
 Conjure Flame            Conj/Fire      #.......     32%         3    ###....
 Mephitic Cloud           Conj/Pois/Air  #.......     34%         3    ###....


Dungeon Overview and Level Annotations

Branches:
Dungeon (1/15)

Altars:


Innate Abilities, Weirdness & Mutations

You cannot wear most types of armour.
You are very stealthy in the water. (Stealth+)
You are amphibious.
You can wear up to eight rings at the same time.
You can use your tentacles to constrict eight enemies at once.
Your skin changes colour to match your surroundings (Stealth+).
Your rubbery body absorbs attacks. (AC +1, EV +1)


Message History

You see here a rat corpse.
You closely miss the kobold. Your grab misses the kobold.
You squeeze the kobold, but do no damage.
The bat hits you. The kobold closely misses you.
The hobgoblin closely misses you.
Unknown command.
The bat misses you.
You barely miss the bat. Your grab misses the bat.
The bat is severely wounded.
The bat barely misses you.
The kobold throws a stone.
The stone barely misses you.
You barely miss the hobgoblin. You grab the hobgoblin.
You constrict the hobgoblin, but do no damage.
The hobgoblin completely misses you.
You hit the hobgoblin.
The hobgoblin is moderately wounded.
You constrict the hobgoblin, but do no damage.
The hobgoblin hits you with a +0 club!
Ouch! That really hurt!
You die...

#.......#### .
##.#.#### .
#.#.# # #.
#.#.# . .##.
#.#.#
#...>.#.###.#.#
...b#.........#
..#....####.###
......Kg@..(#
..##..r######
##.# ... ###


You could see a hobgoblin, a bat, a kobold and a rat.

Vanquished Creatures
  A goblin (D:1)
  A frilled lizard (D:1)
  4 kobolds (D:1)
  A rat (D:1)
7 creatures vanquished.

Notes
Turn   | Place    | Note
-------+----------+-------------------------------------------
     0 | D:1      | Conn the Octopode Wizard began the quest for the Orb.
     0 | D:1      | Reached XP level 1. HP: 11/11 MP: 4/4
   747 | D:1      | Slain by a hobgoblin

Levels and vault maps discovered:
D:1:      minmay_arrival_wavy_path, layout_loops_ring

Action                   || total
-------------------------++-------
Melee: Short sword       ||    17
       Constrict         ||     4
       Tentacles         ||     2
 Cast: Magic Dart        ||    17
Armor: Skin              ||     2
Dodge: Dodged            ||    18

Table legend:
 A = Non-vault XP
 B = Vault XP
 C = Vault XP percentage of total XP
 D = Non-vault monster count
 E = Vault monster count
 F = Vault count percentage of total count
                 A         B        C        D         E       F
            +---------+---------+-------+---------+---------+-------
      Total |       9 |       0 |   0.0 |       7 |       0 |   0.0
            +---------+---------+-------+---------+---------+-------
        D:1 |       9 |       0 |   0.0 |       7 |       0 |   0.0
            +---------+---------+-------+---------+---------+-------
